 Dungeon Crawl Stone Soup version 0.26.0-10-g1f06aea511 (webtiles) character file.

Game seed: 11965543120608086057

68 dohliylev the Sneak (level 4, 0/21 HPs)
             Began as a Vampire Enchanter on Jan 17, 2021.
             Slain by a goblin (2 damage)
             ... led by Robin
             ... on level 2 of the Dungeon.
             The game lasted 00:06:16 (2444 turns).

dohliylev the Sneak (Vampire Enchanter)             Turns: 2444, Time: 00:06:27

Health: 0/21       AC:  4    Str:  0 (7)  XL:     4   Next: 1%
Magic:  3/7        EV: 12    Int:  9 (17) God:
Gold:   46         SH:  0    Dex:  7 (15) Spells: 4/7 levels left

rFire    . . .     SeeInvis +   a - +1 dagger
rCold    + + .     Faith    .   (no shield)
rNeg     + + +     Spirit   .   b - +0 robe
rPois    ∞         Reflect  .   (no helmet)
rElec    .         Harm     .   (no cloak)
rCorr    .         Rampage  .   (no gloves)
Will     .....                  d - +1 pair of boots
Stlth    +++++.....             (no amulet)
HPRegen  0.00/turn              (no ring)
MPRegen  0.10/turn              (no ring)

@: bloodless, slowed, lost strength, very slow
A: fangs 3, see invisible, [frail 1], unbreathing
a: Bat Form, Revivify


You were on level 2 of the Dungeon.
You visited 1 branch of the dungeon, and saw 2 of its levels.

You collected 46 gold pieces.

Inventory:

Hand Weapons
 a - a +1 dagger (weapon)
Armour
 b - a +0 robe (worn)
 d - a +1 pair of boots (worn)
Scrolls
 c - a scroll of blinking {unknown}
 e - a scroll of identify {unknown}
 f - a scroll of remove curse {unknown}
 g - 2 scrolls of teleportation {unknown}
 h - a scroll of fog {unknown}
Potions
 i - 2 potions of cancellation {unknown}


   Skills:
 + Level 0.1 Fighting
 + Level 1.6 Short Blades
 + Level 2.4 Dodging
 + Level 5.7 Stealth
 + Level 2.3 Spellcasting
 + Level 5.2 Hexes
 - Level 0.4 Ice Magic


You had 4 spell levels left.
You knew the following spells:

 Your Spells              Type           Power        Failure   Level
a - Corona                Hex            11%          3%          1
b - Ensorcelled Hibernat  Hex/Ice        12%          16%         2

Your spell library contained the following spells:

 Spells                   Type           Power        Failure   Level
 Confusing Touch          Hex            10%          12%         3
 Tukima's Dance           Hex            10%          12%         3
 Dazzling Flash           Conj/Hex       10%          32%         3


Dungeon Overview and Level Annotations

Branches:
Dungeon (2/15)

Altars:
Ashenzari

Annotations:
D:2 1 runed translucent door, Crazy Yiuf, Robin


Innate Abilities, Weirdness & Mutations

You do not regenerate when monsters are visible.
You are frail without blood (-20% HP).
You can heal yourself when you bite living creatures.
You are immune to poison.
You have razor-sharp teeth.
You have supernaturally acute eyesight. (SInv)
You can survive without breathing.
[You are frail. (-10% HP)]


Message History

This will reduce your strength to zero.
Continue?
You fail to use your ability.
The goblin completely misses you. This will reduce your strength to zero.
Continue?
You turn into a vampire bat.
Your +1 dagger melds into your body.
Your +1 pair of boots melds into your body.
Your +0 robe melds into your body.
You feel weakened.
You have lost your strength.
You feel dopey.
You feel clumsy. The goblin hits you.
* * * LOW HITPOINT WARNING * * *
The goblin hits you.
* * * LOW HITPOINT WARNING * * *
You can move again.
Your transformation has ended.
Your +1 dagger unmelds from your body.
Your +1 pair of boots unmelds from your body.
Your +0 robe unmelds from your body.
The goblin hits you.
* * * LOW HITPOINT WARNING * * *
The goblin hits you.
You die...

##### #####...##
########..g.....##
>........####....#
.###.....# ##g.##
g# #.#...# #....#
.# #.#<..# ##.g.#
.# #.##..# ##g##
.###g##..# ##@#
.g...##..# #.##
.###.##..# ##.# .#
#.##..# #.## .#
#)##.## #+# .#
#)##..# ...
.###.##.## #...#
..<..#### #)g.#
.##### #####


You could see a hobgoblin and 2 goblins.

Vanquished Creatures
  3 adders (D:2)
  A worm (D:2)
  A leopard gecko (D:1)
  5 bats (D:1)
  3 giant cockroaches
  6 goblins
  5 hobgoblins (D:1)
  3 kobolds (D:1)
  A quokka (D:2)
  A frilled lizard (D:1)
  5 rats
34 creatures vanquished.

Notes
Turn   | Place    | Note
-------+----------+-------------------------------------------
     0 | D:1      | dohliylev the Vampire Enchanter began the quest for the
                  | Orb.
     0 | D:1      | Reached XP level 1. HP: 13/13 MP: 3/3
    69 | D:1      | Found a broken altar of Ashenzari.
   740 | D:1      | Reached XP level 2. HP: 15/15 MP: 5/5
   747 | D:1      | Reached skill level 5 in Stealth
   750 | D:1      | Learned a level 2 spell: Ensorcelled Hibernation
  1578 | D:2      | Reached skill level 5 in Hexes
  1578 | D:2      | Reached XP level 3. HP: 19/19 MP: 6/6
  2206 | D:2      | Found a runed translucent door.
  2207 | D:2      | Noticed Crazy Yiuf
  2369 | D:2      | Noticed Robin
  2398 | D:2      | Reached XP level 4. HP: 8/21 MP: 1/7
  2412 | D:2      | Lost strength.
  2444 | D:2      | Slain by a goblin

Illustrated notes

Levels and vault maps discovered:
D:1:      psy_arrival_radial02, layout_basic, nicolae_ashenzari_panopticon
D:2:      kennysheep_six_static_rooms, layout_basic, uniq_robin,
          uniq_crazy_yiuf_cottage

Skill      XL: |  1  2 |
---------------+-------+-----
Stealth        | 5 |  5.7
Hexes          | 5 |  5.2
Fighting       | |  0.1
Short Blades   | |  1.6
Dodging        | |  2.4
Spellcasting   | |  2.3
Ice Magic      | |  0.4

Action                   |  1- 3 |  4- 6 || total
-------------------------+-------+-------++-------
Melee: Dagger            |    86 |       ||    86
       Bite              |     3 |       ||     3
       Unarmed           |     2 |       ||     2
 Cast: Corona            |     8 |       ||     8
       Ensorcelled Hiber |    16 |       ||    16
 Abil: Exsanguinate      |     2 |       ||     2
       Stop Flying       |     4 |       ||     4
       Bat Form          |     3 |     1 ||     4
       End Transformatio |     2 |     1 ||     3
       Revivify          |     1 |       ||     1
 Stab: Sleeping          |    20 |       ||    20
Armor: Robe              |    32 |       ||    32
Dodge: Dodged            |    73 |     1 ||    74
